 Dungeon Crawl Stone Soup version 0.26-a0-451-gacbe401039 (webtiles) character file.

Game seed: 11525641436895521662

174 JamesBald the Conjurer (level 5, -12/36 HPs)
             Began as a Human Conjurer on July 28, 2020.
             Was an Initiate of Gozag.
             Killed by nerve-wracking pain
             ... invoked by an orc priest
              (14 damage)
             ... on level 3 of the Dungeon.
             The game lasted 00:21:13 (3665 turns).

JamesBald the Conjurer (Human Conjurer)             Turns: 3665, Time: 00:21:13

Health: -12/36     AC:  2    Str: 15    XL:     5   Next: 84%
Magic:  2/8        EV: 12    Int: 18    God:    Gozag
Gold:   92         SH:  0    Dex: 11    Spells: 5/8 levels left

rFire    . . .     SeeInvis .   (no weapon)
rCold    + . .     Faith    .   (no shield)
rNeg     . . .     Spirit   .   a - +0 robe
rPois    .         Reflect  .   (no helmet)
rElec    .         Harm     .   (no cloak)
rCorr    .                      (no gloves)
MR       .....                  (no boots)
Stlth    ++........             (no amulet)
HPRegen  0.12/turn              v - +6 ring of strength
MPRegen  0.11/turn              t - ring of protection from cold

@: no status effects
A: no striking features
a: Potion Petition, Call Merchant, Bribe Branch, Renounce Religion


You were on level 3 of the Dungeon.
You worshipped Gozag.
Gozag was noncommittal.
You visited 1 branch of the dungeon, and saw 3 of its levels.

You collected 92 gold pieces.

Inventory:

Hand Weapons
 f - a cursed -1 club
 h - a -3 short sword
 i - a +0 dagger
 o - a +0 mace
Missiles
 c - 131 stones (quivered)
Armour
 a - a +0 robe (worn)
 e - a +0 leather armour
 p - a +0 robe
 q - a +0 robe
Jewellery
 t - a ring of protection from cold (right hand)
 u - an uncursed ring of fire
 v - a +6 ring of strength (left hand)
Scrolls
 b - 3 scrolls of identify
 d - a scroll of teleportation {unknown}
 k - a scroll of magic mapping {unknown}
 l - 3 scrolls of enchant weapon {unknown}
 m - 2 scrolls of remove curse
 n - a scroll of blinking {unknown}
Potions
 g - a potion of invisibility {unknown}
 j - a potion of ambrosia {unknown}
 r - 2 potions of heal wounds {unknown}
 s - a potion of magic {unknown}


   Skills:
 + Level 0.3 Fighting
 + Level 2.4 Dodging
 + Level 2.1 Stealth
 + Level 2.4 Spellcasting
 * Level 6.1 Conjurations


You had 5 spell levels left.
You knew the following spells:

 Your Spells              Type           Power        Failure   Level
a - Magic Dart            Conj           ###.         1%          1
b - Searing Ray           Conj           ###...       2%          2

Your spell library contained the following spells:

 Spells                   Type           Power        Failure   Level
 Dazzling Flash           Conj/Hex       ##....       14%         3
 Animate Skeleton         Necr           #.....       17%         1
 Apportation              Tloc           #.....       17%         1
 Corona                   Hex            #......      17%         1
 Summon Small Mammal      Summ           #...         17%         1
 Fulminant Prism          Conj/Hex       ##........   43%         4
 Iskenderun's Mystic Bla  Conj/Tloc      ##......     43%         4


Dungeon Overview and Level Annotations

Branches:
Dungeon (3/15)

Altars:
Gozag
Ru
Xom


Message History

The orc priest invokes the aid of Beogh against you.
Beogh smites you!
Really attack unarmed? [Y]es or [N]o only, please.
Really attack unarmed? [Y]es or [N]o only, please.
Really attack unarmed? [Y]es or [N]o only, please.
Really attack unarmed? [Y]es or [N]o only, please.
Really attack unarmed?
Okay, then.
You see here 5 gold pieces.
The orc priest mumbles some strange prayers to Beogh against you.
Beogh smites you!
* * * LOW HITPOINT WARNING * * *
The orc priest mumbles some strange prayers to Beogh against you.
Pain shoots through your body!
You die...
Your body crumbles into a pile of gold.

.....###......[...###.# ..#
..................###.###.#
.....................[....##
.#..............<..........#
...####...................##
.(.....)..#.......####.####
.##......#_#......# ...
#####'....#....<.## ##.#
.#...#.......###@## ..#
.#...#.......$o...# ...
..$$.#.....######....... ...
._.###....## ##.....
.....#....# .....
.#...#....# .... .#...#....#
... #####'....# .>.
#.....###


You could see an orc priest.

Vanquished Creatures
  An orc wizard (D:3)
  5 adders (D:2)
  5 worms
  3 dart slugs
  A leopard gecko (D:2)
  6 orcs
  6 bats
  2 giant cockroaches (D:2)
  6 goblins
  7 hobgoblins
  4 jackals
  2 quokkas (D:2)
  4 frilled lizards
  11 kobolds
  11 rats
74 creatures vanquished.

Notes
Turn   | Place    | Note
-------+----------+-------------------------------------------
     0 | D:1      | JamesBald the Human Conjurer began the quest for the Orb.
     0 | D:1      | Reached XP level 1. HP: 13/13 MP: 3/3
   386 | D:1      | Reached XP level 2. HP: 2/19 MP: 1/5
   675 | D:1      | Learned a level 2 spell: Searing Ray
  1015 | D:1      | Reached XP level 3. HP: 24/24 MP: 3/6
  1611 | D:2      | Reached skill level 5 in Conjurations
  1742 | D:2      | Reached XP level 4. HP: 26/30 MP: 2/7
  2325 | D:2      | Found a shimmering altar of Xom.
  2770 | D:2      | Reached XP level 5. HP: 35/35 MP: 3/8
  3074 | D:3      | Found a faded altar of an unknown god.
  3597 | D:3      | Found a sacrificial altar of Ru.
  3600 | D:3      | Reached skill level 6 in Conjurations
  3606 | D:3      | Became a worshipper of Gozag Ym Sagoz the Greedy
  3665 | D:3      | Killed from afar by an orc priest

Illustrated notes

Levels and vault maps discovered:
D:1:      sevenhm_arrival_forest_fort_large_2, layout_loops_ring
D:2:      layout_basic, overflow_temple_1_default
D:3:      layout_rooms, tgw_fedhas, chequers_ecumenical_altar_simple,
          nicolae_ru_great_annihilating_truth

Skill      XL: |  1  2  3  4  5 |
---------------+----------------+-----
Conjurations   | 5 6 |  6.1
Fighting       | |  0.3
Dodging        | |  2.4
Stealth        | |  2.1
Spellcasting   | |  2.4

Action                   |  1- 3 |  4- 6 || total
-------------------------+-------+-------++-------
Melee: Short sword       |    25 |     8 ||    33
 Cast: Magic Dart        |    10 |       ||    10
       Searing Ray       |    21 |    42 ||    63
  Use: Scroll            |       |     5 ||     5
Armor: Robe              |     4 |    21 ||    25
Dodge: Dodged            |    22 |    56 ||    78

Table legend: (Time is in decaauts)
 A = Elapsed time spent in this place.
 B = Non-inter-level travel time spent in this place.
 C = Inter-level travel time spent in this place.
 D = Time resting spent in this place.
 E = Time spent auto-exploring this place.
 F = Levels seen in this place.
 G = Mean time per level.
                   A        B        C        D        E       F      G
               +--------+--------+--------+--------+--------+-----+--------+
         Total |   3668 |   3664 |      4 |   1459 |   1092 |   3 | 1222.7 |
       Dungeon |   3668 |   3664 |      4 |   1459 |   1092 |   3 | 1222.7 |
               +--------+--------+--------+--------+--------+-----+--------+

Top non-repeatable levels by time:
     D:1: 1720 daAuts
     D:2: 1638 daAuts
     D:3: 309 daAuts
